 Dungeon Crawl Stone Soup version 0.28-a0-1236-gb25a51b929 (webtiles) character file.

Game seed: 6020512905956417117

33159 wakim the Zephyrmancer (level 13, -5/78 HPs)
             Began as a Tengu Air Elementalist on Dec 25, 2021.
             Was an Initiate of Ashenzari.
             Slain by a torpor snail (21 damage)
             ... on level 4 of the Lair of Beasts.
             The game lasted 01:32:19 (23248 turns).

wakim the Zephyrmancer (Tengu Air Elementalist)    Turns: 23248, Time: 01:32:19

Health: -5/78      AC: 11    Str:  8    XL:     13   Next: 69%
Magic:  25/25      EV: 21    Int: 28    God:    Ashenzari [......]
Gold:   222        SH: 11    Dex: 23    Spells: 1/26 levels left

rFire   + . .      SeeInvis .   a - +11 trident of the Three Heavens {freeze, Dex+7}
rCold   + . .      Faith    .   Q - +0 buckler
rNeg    . . .      Spirit   .   s - +2 leather armour of Viaj {Harm rF+ rCorr Int+2}
rPois   .          Reflect  +   S - +2 hat of the Unyielding Gaze {Will+, Elem, Comp} (curse)
rElec   .          Harm     +   q - +0 cloak
rCorr   +          Rampage  .   I - +2 pair of gloves
Will    +....                   (boots unavailable)
Stlth   +++.......              n - amulet of reflection
HPRegen 0.23/turn               j - ring of protection from cold
MPRegen 0.19/turn               P - +6 ring of intelligence

@: about to teleport, flying quickly and evasively, slowed, very slow
A: beak, talons 3, nimble flight
a: Renounce Religion, Curse Item, Shatter the Chains


You were on level 4 of the Lair of Beasts.
You worshipped Ashenzari.
Ashenzari was noncommittal.
You visited 3 branches of the dungeon, and saw 17 of its levels.
You also visited: Ossuary and Bailey.

You collected 1308 gold pieces.
You spent 1086 gold pieces at shops.

Inventory:

Hand Weapons
 a - the +11 trident of the Three Heavens (weapon) {freeze, Dex+7}
   (You found it on level 7 of the Dungeon)

   It freezes those it strikes, dealing additional cold damage.
   It can also slow down cold-blooded creatures.
   Dex:       It affects your dexterity (+7).
Missiles
 i - 6 curare-tipped darts {=f}
 o - a throwing net {=f!f}
Armour
 q - a +0 cloak (worn)
 s - the +2 leather armour of Viaj (worn) {Harm rF+ rCorr Int+2}
   (You bought it in a shop on level 6 of the Dungeon)

   Int:       It affects your intelligence (+2).
   rF:        It protects you from fire.
   rCorr:     It protects you from acid and corrosion.
   Harm:      It increases damage dealt and taken.
 I - a +2 pair of gloves (worn)
 L - a +0 troll leather armour
 Q - a +0 buckler (worn)
 S - the cursed +2 hat of the Unyielding Gaze (worn) {Will+, Elem, Comp}
   (You took it off Gastronok on level 1 of the Lair of Beasts)

   It has a curse which improves the following skills: Elements: Fire Magic, Ice
   Magic, Air Magic and Earth Magic.
   Companions: Summonings and Necromancy.
Magical Staves
 G - a staff of fire
Jewellery
 g - a ring of positive energy
 j - a ring of protection from cold (left hand)
 m - a ring of fire
 n - an amulet of reflection (around neck)
 P - a +6 ring of intelligence (right hand)
Wands
 t - a wand of digging (6)
 u - a wand of mindburst (4)
 w - a wand of iceblast (7)
 x - a wand of charming (5)
 y - a wand of paralysis (14)
 z - a wand of polymorph (10)
Scrolls
 c - a scroll of enchant armour
 l - a scroll of summoning {unknown}
 p - a scroll of immolation {unknown}
 v - a scroll of silence {unknown}
 K - 2 scrolls of enchant weapon {unknown}
 R - 4 scrolls of magic mapping {!r}
 T - 7 scrolls of teleportation
 U - 3 scrolls of fear
 V - 7 scrolls of vulnerability {!r!r}
 W - 2 scrolls of brand weapon
 X - 4 scrolls of fog
 Y - a scroll of blinking {!r}
 Z - 2 scrolls of amnesia
Potions
 r - 2 potions of lignification {unknown}
 A - a potion of ambrosia
 B - a potion of attraction {!q}
 C - a potion of berserk rage {!q}
 D - 2 potions of brilliance
 E - a potion of cancellation
 F - 13 potions of curing
 H - 4 potions of haste
 J - a potion of heal wounds
 M - 3 potions of mutation {!q}
 N - 2 potions of might
 O - 2 potions of resistance


   Skills:
 - Level 8.0 Fighting
 - Level 6.0 Polearms
 - Level 8.0 Dodging
 - Level 4.0 Stealth
 - Level 4.0 Shields
 + Level 7.4 Spellcasting
 + Level 13.3 Conjurations
 * Level 10.8(11.3) Fire Magic
 + Level 13.3(13.8) Air Magic
 * Level 3.3 Poison Magic


You had one spell level left.
You knew the following spells:

 Your Spells              Type           Power      Damage    Failure   Level
a - Shock                 Conj/Air       100%       1d9       1%          1
b - Airstrike             Air            36%        N/A       1%          4
c - Flame Wave            Conj/Fire      68%        2d10      1%          4
d - Static Discharge      Conj/Air       72%        N/A       1%          2
e - Scorch                Fire           100%       2d10      1%          2
f - Ignite Poison         Fire/Tmut/Pois 37%        N/A       3%          3
q - Sticky Flame          Conj/Fire      68%        2d8       1%          4
s - Swiftness             Air            73%        N/A       1%          3
x - Poisonous Vapours     Pois/Air       100%       N/A       1%          2

Your spell library contained the following spells:

 Spells                   Type           Power      Damage    Failure   Level
 Foxfire                  Conj/Fire      100%       2x1d9     1%          1
 Magic Dart               Conj           100%       1d8       1%          1
 Searing Ray              Conj           100%       2d8       1%          2
 Conjure Flame            Conj/Fire      68%        6-21      1%          3
 Inner Flame              Hex/Fire       42%        N/A       2%          3
 Fulminant Prism          Conj/Hex       23%        3d13      4%          4
 Ensorcelled Hibernation  Hex/Ice        20%        N/A       12%         2
 Spider Form              Tmut/Pois      19%        N/A       12%         3
 Irradiate                Conj/Tmut      23%        3d21      14%         5
 Animate Armour           Summ/Erth      20%        N/A       58%         4
 Iron Shot                Conj/Erth      23%        9d5       58%         6
 Alistair's Intoxication  Tmut/Pois      12%        N/A       71%         5
 Blade Hands              Tmut           5%         N/A       91%         5
 Dragon Form              Tmut           5%         N/A       100%        7
 Fire Storm               Conj/Fire      34%        8d9       100%        9


Dungeon Overview and Level Annotations

Branches:
Dungeon (11/15)            Temple (1/1) D:5            Lair (5/6) D:10
  Swamp (0/4) Lair:2        Snake (0/4) Lair:4          Orc (0/2) D:10
Ossuary (visited)          Bailey (visited)
  Slime: Lair:5-6

Altars:
Ashenzari
Cheibriados
Dithmenos
Elyvilon
Fedhas
Gozag
Hepliaklqana
Kikubaaqudgha
Makhleb
Nemelex Xobeh
Okawaru
Qazlal
Ru
Sif Muna
Trog
Uskayaw
Vehumet
Wu Jian
Xom
Yredelemnul
Zin
The Shining One

Shops:
D:1 *   D:4 :   D:5 *   D:6 *


Innate Abilities, Weirdness & Mutations

You have a beak for a mouth.
You have claws for feet.
Your magical nature lets you fly swiftly and evasively.


Message History

Aim: a death yak
Okay, then.
Casting: Poisonous Vapours (safe; 1% risk of failure)
Confirm with . or Enter, or press ? or * to list all spells.
Aiming: Poisonous Vapours (safe; 1% risk of failure)
Press: ? - help, Dir - move target, f - death yak
Aim: a death yak Poisonous vapours surround the death yak!
The death yak looks as sick as possible!
The death yak gores you.
Casting: Poisonous Vapours (safe; 1% risk of failure)
Confirm with . or Enter, or press ? or * to list all spells.
You ignite the poison in your surroundings!
The death yak seems to burn from within!!!!
You kill the death yak!
There is a stone staircase leading up here.
There is a stone staircase leading down here.
Magic restored.
You fly downwards.
Being near the torpor snail leaves you feeling lethargic.
You block the death yak's attack.
The death yak bellows!
There is a stone staircase leading up here.
The yak bellows!
The death yak gores you!! The death yak closely misses you.
The death yak barely misses you. You block the death yak's attack.
The death yak misses you. The torpor snail bites you.
You block the yak's attack.
You fly upwards.
There is a stone staircase leading down here.
As you read the scroll of teleportation, it crumbles to dust.
You feel strangely unstable. The death yak gores you! x2
* * * LOW HITPOINT WARNING * * *
You block the death yak's attack. The torpor snail barely misses you.
The death yak gores you but does no damage.
The death yak gores you but does no damage.
The death yak gores you!
* * * LOW HITPOINT WARNING * * *
The torpor snail bites you!!
You die...

#.#....##..........###...P#
###.....#..........###....#
##....#...........#....P#
##...#....[.......#....##
###...........[....#.#....#
.#........<..............##
.........................#
...............Yw........#
........[......Y@..####..#
....#....P....÷Y##### #..#
...##.....#.....##..###..###
.....................[.....#
.........................###
.....^...................#
...P#....#.........<.....#
...#######....##.........#
#..### #.....###........#


You could see 3 death yaks and a torpor snail.

Vanquished Creatures
  Gastronok (Lair:1)
  Snorg (Lair:4)
  Harold (D:8)
  4 hydras
  A boulder beetle (Lair:3)
  Erica (Lair:1)
  A catoblepas (Lair:5)
  A two-headed ogre (D:9)
  11 death yaks
  Nergalle (Lair:1)
  An orc knight (Bailey)
  Joseph (D:8)
  6 elephants
  The ghost of opoi33 the Chopper, a novice GrBe of Trog (D:5)
  Maurice (D:9)
  A black mamba (Lair:3)
  5 cane toads
  2 rime drakes (Lair:4)
  4 komodo dragons
  A troll (D:7)
  A hornet (D:7)
  3 blink frogs (Lair:4)
  A wraith (D:10)
  A wyvern (D:7)
  2 basilisks
  20 yaks
  3 vampire mosquitoes (D:10)
  Menkaure (D:4)
  Grum (D:8)
  Edmund (D:4)
  4 nagas (Lair:4)
  14 water moccasins
  4 black bears
  10 orc warriors
  2 wolves (D:8)
  3 ogres
  A phantom (D:5)
  2 centaurs
  2 kobold brigands
  8 bullfrogs
  A gnoll sergeant (D:6)
  A water moccasin zombie (Ossuary)
  3 scorpions
  2 wyvern zombies (Ossuary)
  3 killer bees (D:10)
  10 electric eels (Lair:2)
  3 wights (D:9)
  7 howler monkeys
  2 centaur zombies
  4 bullfrog zombies
  2 jellies (D:5)
  5 lava snakes
  A bullfrog skeleton (D:7)
  6 orc priests
  5 hounds
  4 iguanas
  10 orc wizards
  A scorpion zombie (D:4)
  3 mummies (Ossuary)
  15 gnolls
  9 adders
  2 white imps
  3 worms
  2 dart slugs
  38 orcs
  13 endoplasms
  2 giant cockroaches (D:1)
  7 goblins
  14 hobgoblins
  3 jackals (D:3)
  5 ball pythons
  3 bats
  3 frilled lizards
  31 kobolds
  6 rats
359 creatures vanquished.

Vanquished Creatures (others)
  15 fungi
  37 plants
  6 withered plants (Ossuary)
58 creatures vanquished.

Grand Total: 417 creatures vanquished

Notes
Turn   | Place    | Note
-------+----------+-------------------------------------------
     0 | D:1      | wakim the Tengu Air Elementalist began the quest for the
                  | Orb.
     0 | D:1      | Reached XP level 1. HP: 10/10 MP: 4/4
   174 | D:1      | Reached XP level 2. HP: 15/15 MP: 3/6
   304 | D:1      | Found Cust's General Store.
   309 | D:1      | You fall into a shaft and drop 1 floor!
   571 | D:1      | Learned a level 2 spell: Static Discharge
   763 | D:1      | Reached XP level 3. HP: 17/19 MP: 0/7
  1344 | D:1      | Bought a potion of curing for 36 gold pieces
  1608 | D:2      | Reached skill level 5 in Air Magic
  1675 | D:2      | Reached XP level 4. HP: 24/24 MP: 4/8
  1717 | D:2      | Found a faded altar of an unknown god.
  2144 | D:3      | Learned a level 3 spell: Swiftness
  2225 | D:3      | Gained mutation: Your magical nature lets you fly swiftly
                  | and evasively. [Tengu growth]
  2225 | D:3      | Reached XP level 5. HP: 25/28 MP: 2/9
  2757 | D:4      | Noticed an ogre
  2912 | D:4      | Reached XP level 6. HP: 26/32 MP: 9/11
  2944 | D:4      | Found Yconett's Book Boutique.
  2997 | D:4      | Reached skill level 5 in Conjurations
  3740 | D:4      | Noticed Menkaure
  3751 | D:4      | Killed Menkaure
  3752 | D:4      | Reached XP level 7. HP: 36/36 MP: 8/13
  3757 | D:4      | Learned a level 4 spell: Airstrike
  3827 | D:4      | Found Wamoal's Antique Weapon Boutique.
  4161 | D:4      | Noticed a yak
  4167 | D:4      | Noticed a yak
  4167 | D:4      | Noticed a yak
  4167 | D:4      | Noticed a yak
  4184 | D:4      | Killed a yak
  4185 | D:4      | Killed a yak
  4186 | D:4      | Reached skill level 1 in Fighting
  4186 | D:4      | Reached XP level 8. HP: 37/44 MP: 6/15
  4187 | D:4      | Killed a yak
  4215 | D:4      | Killed a yak
  4341 | D:4      | Noticed Edmund
  4861 | D:4      | Killed Edmund
  4862 | D:4      | Reached skill level 5 in Dodging
  5010 | D:5      | Entered Level 5 of the Dungeon
  5017 | D:5      | Found a runed translucent door.
  5022 | D:5      | Noticed opoi33's ghost (novice GrBe)
  5479 | D:5      | Reached XP level 9. HP: 52/52 MP: 12/16
  5499 | D:5      | Learned a level 4 spell: Flame Wave
  5783 | D:5      | Found a white marble altar of Elyvilon.
  5813 | D:5      | Reached skill level 1 in Shields
  5858 | D:5      | Found a staircase to the Ecumenical Temple.
  5869 | Temple   | Entered the Ecumenical Temple
  6128 | D:5      | Found a stormy altar of Qazlal.
  6186 | D:5      | Found Utatelloomi's Assorted Antiques.
  6201 | D:5      | Bought a scroll labelled YRIMORCHA RIUGEEFU for 30 gold
                  | pieces
  6201 | D:5      | Bought a silvery potion for 27 gold pieces
  6201 | D:5      | Bought a bubbling cyan potion for 27 gold pieces
  6201 | D:5      | Bought a scroll of identify for 60 gold pieces
  6662 | D:6      | Reached skill level 5 in Fighting
  6820 | D:6      | Found a glowing golden altar of the Shining One.
  7036 | D:6      | Found Nothraa's Assorted Antiques.
  7044 | D:6      | Bought a scroll labelled YRIMORCHA RIUGEEFU for 24 gold
                  | pieces
  7467 | D:7      | Noticed a troll
  7471 | D:7      | Killed a troll
  7580 | D:7      | Reached skill level 1 in Fire Magic
  7862 | D:7      | Identified the +11 trident of the Three Heavens {freeze,
                  | Dex+7}
  7875 | D:7      | Noticed a hornet
  7915 | D:7      | Killed a hornet
  7916 | D:7      | Reached XP level 10. HP: 60/60 MP: 1/17
  8300 | D:7      | Found a sparkling altar of Nemelex Xobeh.
  8413 | D:7      | Found an iron altar of Okawaru.
  8754 | D:8      | Noticed Joseph
  8840 | D:8      | Found a sand-covered staircase.
  8857 | Ossuary  | Entered an ossuary
  9156 | D:8      | Noticed Grum
  9171 | D:8      | Killed Grum
  9172 | D:8      | Reached skill level 5 in Spellcasting
  9234 | D:8      | Reached skill level 10 in Air Magic
 10000 | D:8      | Found a hazy altar of Hepliaklqana.
 10167 | D:9      | Noticed a two-headed ogre
 10239 | D:9      | Noticed Harold
 10244 | D:9      | HP: 1/60 [Harold/harpoon shot (12)]
 10418 | D:8      | Killed Joseph
 10868 | D:8      | Killed Harold
 10869 | D:8      | Reached skill level 5 in Fire Magic
 11310 | D:9      | Noticed Maurice
 11317 | D:9      | Killed Maurice
 11318 | D:9      | Reached skill level 10 in Conjurations
 11439 | D:9      | Learned a level 4 spell: Sticky Flame
 11772 | D:9      | Reached skill level 1 in Polearms
 11778 | D:9      | Noticed an anaconda
 11861 | D:9      | Noticed a two-headed ogre
 11863 | D:9      | Found a shimmering altar of Xom.
 11863 | D:9      | Found a shimmering altar of Xom.
 11864 | D:9      | Found a shimmering altar of Xom.
 11864 | D:9      | Found a shimmering altar of Xom.
 11864 | D:9      | Noticed a manticore
 11865 | D:9      | Found a shimmering altar of Xom.
 11872 | D:9      | Found a shimmering altar of Xom.
 11966 | D:9      | Killed a two-headed ogre
 11967 | D:9      | Reached XP level 11. HP: 66/66 MP: 2/21
 12251 | D:9      | Found a hide-covered altar of Uskayaw.
 12398 | D:10     | Entered Level 10 of the Dungeon
 12398 | D:10     | Found a staircase to the Orcish Mines.
 12410 | D:10     | Noticed a death yak
 12411 | D:10     | Noticed a death yak
 12411 | D:10     | Noticed a death yak
 12412 | D:10     | Noticed a death yak
 12412 | D:10     | Noticed a death yak
 12590 | D:10     | Found a flagged portal.
 12613 | Bailey   | Entered a bailey
 12728 | Bailey   | Noticed an orc knight
 12754 | Bailey   | Killed an orc knight
 12886 | Bailey   | Identified the +9 falchion of Floods {antimagic, *Slow
                  | rElec Str+4 Int+7}
 12931 | Bailey   | Found a bloodstained altar of Trog.
 13603 | D:10     | Found a broken altar of Ashenzari.
 13607 | D:10     | Saw a vision of the Swamp and the Snake Pit.
 13607 | D:10     | Noticed a goliath frog
 13607 | D:10     | Noticed a will-o-the-wisp
 13610 | D:10     | Noticed a naga sharpshooter
 13611 | D:10     | Became a worshipper of Ashenzari the Shackled
 13744 | D:10     | Noticed a death yak
 13809 | D:10     | Killed a death yak
 14041 | D:10     | Noticed a death yak
 14240 | D:10     | Killed a death yak
 14241 | D:10     | Reached skill level 5 in Polearms
 14283 | D:10     | Found a staircase to the Lair.
 14309 | D:10     | Killed a death yak
 14526 | D:9      | Killed a death yak
 14760 | D:6      | Bought a distressingly furry leather armour for 168 gold
                  | pieces
 14760 | D:6      | Identified the +2 leather armour of Viaj {Harm rF+ rCorr
                  | Int+2} (You bought it in a shop on level 6 of the Dungeon)
 14760 | D:6      | Bought a brown potion for 21 gold pieces
 14760 | D:6      | Bought a scroll of identify for 48 gold pieces
 14760 | D:6      | Bought a viscous dark potion for 21 gold pieces
 15157 | D:5      | Killed opoi33's ghost
 15848 | Lair:1   | Entered Level 1 of the Lair of Beasts
 15975 | Lair:1   | Noticed Erica
 16085 | Lair:1   | Killed Erica
 16086 | Lair:1   | Reached XP level 12. HP: 43/73 MP: 14/22
 16246 | Lair:1   | Noticed an eight-headed hydra
 16291 | Lair:1   | Killed an eight-headed hydra
 16382 | Lair:1   | Noticed Gastronok
 16615 | Lair:1   | Killed Gastronok
 17037 | Lair:1   | Noticed Nergalle
 17047 | Lair:1   | Killed Nergalle
 17715 | Lair:2   | Found a staircase to the Swamp.
 19224 | D:4      | Bought the Handbook of the Virous Blaze for 624 gold pieces
 19227 | D:4      | Learned a level 2 spell: Scorch
 19465 | Lair:3   | Noticed a death yak
 19471 | Lair:3   | Noticed a death yak
 19473 | Lair:3   | Noticed a death yak
 19473 | Lair:3   | Noticed a death yak
 19491 | Lair:2   | Killed a death yak
 20329 | Lair:3   | Identified the +2 ring mail of Floral Music {rC+ Dex+4
                  | Stlth+}
 20427 | Lair:3   | Noticed a five-headed hydra
 20427 | Lair:3   | Noticed a four-headed hydra
 20602 | Lair:3   | Killed a five-headed hydra
 20687 | Lair:3   | Noticed a death yak
 20728 | Lair:2   | Killed a death yak
 20729 | Lair:2   | Reached XP level 13. HP: 72/78 MP: 3/23
 21585 | Lair:3   | Reached skill level 10 in Fire Magic
 21779 | Lair:3   | Learned a level 2 spell: Poisonous Vapours
 21800 | Lair:3   | Learned a level 3 spell: Ignite Poison
 21815 | Lair:4   | Reached skill level 1 in Poison Magic
 22104 | Lair:4   | Noticed Snorg
 22129 | Lair:4   | Killed Snorg
 23071 | Lair:4   | Found a staircase to the Snake Pit.
 23248 | Lair:4   | Slain by a torpor snail

Illustrated notes

Levels and vault maps discovered:
D:1:      roderic_crossed_star, layout_basic, serial_shops, nicolae_shop_stone
D:2:      layout_rooms, hellmonk_ecumenical_altar_inner_sanctum
D:3:      layout_rooms
D:4:      layout_loops_ring, serial_shops, shop, nicolae_shop_advertising_works
          [nicolae_subvault_shop_adworks], uniq_menkaure, uniq_edmund
D:5:      layout_basic, nicolae_elyvilon_peaceful_grove,
          nicolae_qazlal_general_emergency, minmay_temple_entry_glassed_door,
          ebering_ghost_sewer_d, serial_shops, nicolae_stop_n_shop_2,
          minmay_holes
D:6:      layout_loops_ring, mainiacjoe_overflow_cross_hatched, serial_shops,
          nicolae_diamond_shop, chequers_garden
D:7:      layout_cave_pools, mainiacjoe_overflow_swirl
D:8:      layout_cave_pods, nicolae_overflow_crystal_walls,
          nicolae_ossuary_entry_plus, minmay_misc_feat_doors, feat_on_display,
          uniq_joseph, uniq_grum
D:9:      layout_irregular_city, xom_shifter_show, nicolae_uskayaw_dance_studio,
          kennysheep_small_spiral, supply_closet_lemuel,
          minmay_fractal_squares_5, uniq_harold, uniq_maurice
D:10:     layout_stronghold, grunt_ashenzari_visionary
          [grunt_ashenzari_visionary_swamp, grunt_ashenzari_visionary_snake],
          dpeg_lair_monsters, david_orc_3, enter_bailey_7, minmay_orc_keep
D:11:     layout_stronghold
Temple:   nicolae_temple_figure_eight
Lair:1:   layout_cave_pods, grunt_megastairs_3, uniq_gastronok, uniq_erica,
          uniq_nergalle
Lair:2:   layout_long_grid, minmay_swamp_entry_eels, nicolae_lair_liquid_snakes
Lair:3:   layout_gridlike, lemuel_fruit_tree
Lair:4:   layout_small_grid, minmay_snake_entry_guardpost_small, uniq_snorg
Lair:5:   layout_roguey, slime_altar_2, nzn_random_ring, grunt_megastairs_5,
          infiniplex_staircase_pool_2, lemuel_fruit_fields

Skill      XL: |  1  2  3  4  5  6  7  8  9 10 11 12 13 |
---------------+----------------------------------------+-----
Conjurations   | 2 3 4 6 10 12 13 | 13.3
Air Magic      | 5 6 7 9 10 12 13 | 13.3
Spellcasting   | 3 4 6 7 |  7.4
Fighting       | 1 4 6 8 |  8.0
Dodging        | 3 5 6 8 |  8.0
Shields        | 4 |  4.0
Stealth        | 4 |  4.0
Fire Magic     | 2 5 9 10 | 10.8
Polearms       | 2 6 |  6.0
Poison Magic   | 3 |  3.3

Action                   |  1- 3 |  4- 6 |  7- 9 | 10-12 | 13-15 || total
-------------------------+-------+-------+-------+-------+-------++-------
Melee: Kick              |     3 |     7 |     3 |    31 |    16 ||    60
       Unarmed           |     2 |       |       |       |       ||     2
       Dagger            |     3 |       |       |       |       ||     3
       Peck              |     1 |     5 |     5 |    20 |    16 ||    47
       Falchion          |       |    24 |    15 |       |       ||    39
       Trident           |       |       |       |   107 |    35 ||   142
 Cast: Shock             |    66 |    96 |   117 |    83 |       ||   362
       Static Discharge  |     2 |       |    17 |    40 |       ||    59
       Airstrike         |       |       |    27 |   140 |    15 ||   182
       Flame Wave        |       |       |       |    19 |     2 ||    21
       Sticky Flame      |       |       |       |    22 |    10 ||    32
       Scorch            |       |       |       |     7 |    10 ||    17
       Poisonous Vapours |       |       |       |       |    31 ||    31
       Ignite Poison     |       |       |       |       |    17 ||    17
Invok: Curse Item        |       |       |       |       |     1 ||     1
  Use: Scroll            |       |     7 |     5 |    12 |     1 ||    25
       Potion            |       |       |       |     3 |       ||     3
 Stab: Sleeping          |       |     1 |       |     4 |       ||     5
       Distracted        |       |       |       |     1 |       ||     1
Armor: Robe              |    14 |     8 |     5 |       |       ||    27
       Troll leather arm |       |       |       |    21 |       ||    21
       Leather armour    |       |       |       |     8 |    16 ||    24
Dodge: Dodged            |    41 |    46 |    51 |   238 |    40 ||   416
Block: Buckler           |       |       |     9 |    61 |    21 ||    91
       Reflection        |       |       |       |       |     2 ||     2

Table legend: (Time is in decaauts)
 A = Elapsed time spent in this place.
 B = Non-inter-level travel time spent in this place.
 C = Inter-level travel time spent in this place.
 D = Time resting spent in this place.
 E = Time spent auto-exploring this place.
 F = Levels seen in this place.
 G = Mean time per level.
                   A        B        C        D        E       F      G
               +--------+--------+--------+--------+--------+-----+--------+
         Total |  22104 |  19965 |   2139 |   4886 |   5601 |  19 | 1163.4 |
       Dungeon |  14692 |  13013 |   1679 |   2701 |   3502 |  11 | 1335.6 |
        Temple |    217 |    207 |     10 |      0 |    185 |   1 |  217.0 |
          Lair |   6760 |   6311 |    449 |   2001 |   1894 |   5 | 1352.0 |
       Ossuary |     81 |     81 |      0 |     31 |      0 |   1 |   81.0 |
        Bailey |    353 |    353 |      0 |    152 |     18 |   1 |  353.0 |
               +--------+--------+--------+--------+--------+-----+--------+

Top non-repeatable levels by time:
  Lair:2: 2462 daAuts
     D:4: 2122 daAuts
     D:8: 1978 daAuts
    D:10: 1845 daAuts
     D:9: 1786 daAuts
  Lair:1: 1591 daAuts
  Lair:3: 1398 daAuts
     D:5: 1396 daAuts
     D:6: 1341 daAuts
     D:1: 1328 daAuts
  Lair:4: 1279 daAuts
     D:7: 1193 daAuts
     D:3: 855 daAuts
     D:2: 843 daAuts
  Bailey: 353 daAuts
